 Dungeon Crawl Stone Soup version 0.27.1 (webtiles) character file.

Game seed: 17264003526628626581

22 Kold the Stinger (level 2, -3/22 HPs)
             Began as a Naga Venom Mage on Sept 3, 2021.
             Slain by a hobgoblin (5 damage)
             ... on level 3 of the Dungeon.
             The game lasted 00:01:56 (1233 turns).

Kold the Stinger (Naga Venom Mage)                  Turns: 1233, Time: 00:01:57

Health: -3/22      AC:  1    Str: 10    XL:     2   Next: 91%
Magic:  3/5        EV: 10    Int: 15    God:
Gold:   81         SH:  0    Dex: 11    Spells: 4/5 levels left

rFire    . . .     SeeInvis +   (no weapon)
rCold    . . .     Faith    .   (no shield)
rNeg     . . .     Spirit   .   a - +0 robe
rPois    +         Reflect  .   (no helmet)
rElec    .         Harm     .   (no cloak)
rCorr    .         Rampage  .   (no gloves)
Will     .....                  (no barding)
Stlth    ++........             (no amulet)
HPRegen  0.07/turn              (no ring)
MPRegen  0.09/turn              (no ring)

@: very slow
A: AC +0, large, see invisible, deformed body, poison resistance, slowness 2,
spit poison 1, naga tail 1
a: Spit Poison


You were on level 3 of the Dungeon.
You visited 1 branch of the dungeon, and saw 3 of its levels.

You collected 81 gold pieces.

Inventory:

Armour
 a - a +0 robe (worn)
Scrolls
 e - 3 scrolls of identify {unknown}
 f - a scroll of acquirement {unknown}
Potions
 b - a potion of mutation {unknown}
 c - a potion of haste {unknown}
 d - a potion of curing {unknown}
 g - 2 potions of berserk rage {unknown}
 h - a potion of brilliance {unknown}


   Skills:
 + Level 1.9 Dodging
 - Level 3.2 Stealth
 + Level 2.2 Spellcasting
 + Level 1.5 Transmutations
 + Level 4.3 Poison Magic


You had 4 spell levels left.
You knew the following spells:

 Your Spells              Type           Power      Damage    Failure   Level
a - Sting                 Tmut/Pois      40%        1d5       6%          1

Your spell library contained the following spells:

 Spells                   Type           Power      Damage    Failure   Level
 Poisonous Vapours        Pois/Air       16%        N/A       14%         2
 Mephitic Cloud           Conj/Pois/Air  6%         N/A       34%         3
 Olgreb's Toxic Radiance  Pois           14%        N/A       34%         4


Dungeon Overview and Level Annotations

Branches:
Dungeon (2/15)

Altars:
Xom


Innate Abilities, Weirdness & Mutations

Your serpentine skin is tough. (AC +0)
You have supernaturally acute eyesight. (SInv)
Armour fits poorly on your strangely shaped body.
Your system is resistant to poisons. (rPois)
You cover ground very slowly.
You can spit poison.
You have a snake-like lower body.


Message History

The orc shouts! x3
A hobgoblin comes into view.
The hobgoblin shouts!
Casting: Sting (safe; 7% risk of failure)
Confirm with . or Enter, or press ? or * to list all spells.
Aiming: Sting (safe; 7% risk of failure)
Press: ? - help, Shift-Dir - straight line, f/p - orc
Aim: an orc, wielding a +0 club and wearing a +0 leather armour (moderately wounded, poisoned, 71% to hit)
The sting misses the orc.
The orc wizard shouts!
The dart slug launches a dart at you. The slug dart misses you.
You barely miss the orc.
The orc is moderately wounded.
Casting: Sting (safe; 7% risk of failure)
Confirm with . or Enter, or press ? or * to list all spells.
Aiming: Sting (safe; 7% risk of failure)
Press: ? - help, Shift-Dir - straight line, f - orc wizard, p - orc
Aim: an orc wizard, wielding a +0 dagger and wearing a +0 robe (64% to hit)
The sting hits the orc wizard.
The orc wizard is poisoned.
The orc wizard is lightly wounded.
The orc hits you with a +0 club. x2
The orc hits you with a +0 club. x2
You kill the orc!
The dart slug bites you.
Found a shimmering altar of Xom.
The hobgoblin barely misses you. The hobgoblin hits you.
A giant cockroach and an orc come into view.
Found a blackened gilded ring.
Found a stone staircase leading down.
The orc wizard looks more healthy.
The dart slug launches a dart at you. The slug dart hits you.
The hobgoblin hits you.
* * * LOW HITPOINT WARNING * * *
The hobgoblin closely misses you. The orc hits you with a +0 club.
* * * LOW HITPOINT WARNING * * *
There is a stone staircase leading down here.
The hobgoblin hits you.
You die...

#...............+
#...............#
#...............#
#...............#
#.....).........#
#.......o.....#
#......o.ow...####
#.......##g.#...B.
#.......##@.......
#.......###o_.....
######### .......
.#..... ..=....
....... #######


You could see an orc wizard, a dart slug, 2 orcs, a giant cockroach (asleep) and
a hobgoblin.

Vanquished Creatures
  A dart slug (D:1)
  An orc (D:3)
  4 ball pythons
  2 endoplasms
  A giant cockroach (D:1)
  2 goblins
  A hobgoblin (D:1)
  2 kobolds (D:1)
  3 rats (D:1)
17 creatures vanquished.

Notes
Turn   | Place    | Note
-------+----------+-------------------------------------------
     0 | D:1      | Kold the Naga Venom Mage began the quest for the Orb.
     0 | D:1      | Reached XP level 1. HP: 15/15 MP: 3/3
   413 | D:1      | Reached XP level 2. HP: 22/22 MP: 1/5
  1052 | D:1      | Found a faded altar of an unknown god.
  1219 | D:2      | You fall into a shaft and drop 1 floor!
  1228 | D:3      | Found a shimmering altar of Xom.
  1233 | D:3      | Slain by a hobgoblin

Illustrated notes

Levels and vault maps discovered:
D:1:      scummos_arrival_forest, layout_basic, chequers_ecumenical_altar_grove
D:2:      layout_basic, minmay_pentomino_p4
D:3:      layout_basic, mainiacjoe_overflow_tiny_flanked, gup_sewer_entry_glass

Action                   || total
-------------------------++-------
Melee: Unarmed           ||    20
 Cast: Sting             ||    30
 Stab: Sleeping          ||     1
Armor: Robe              ||     3
Dodge: Dodged            ||    21
